Map: Overgrown Facility

Players

KakTak

  • Race: Protoss Protoss
  • Spawn Location: 3:00

Mikle

  • Race: Terran Terran
  • Spawn Location: 1:00

BizMac - Winner!

  • Race: Zerg Zerg
  • Spawn Location: 7:00

ILIEKEGGPIE - Winner!

  • Race: Protoss Protoss
  • League: Platinum
  • Spawn Location: 9:00

VOD

Have the link to the VOD?

Description

Time

  • Played on: April 6, 2018, 1:25 p.m.
  • Length: 16:53
Show
View Real Time Build Order
Export as new Build Order

KakTak Protoss 

Build Orders: 1 Gate Expand, Double Forge 

Get SALT Encoding   

  12  0:01  Probe  
  13  0:22  Pylon  
  13  0:26  Probe  
  14  0:41  Gateway  
  14  0:46  Probe (Chrono Boost)  
  15  0:56  Probe (Chrono Boost)  
  16  1:00  Probe (Chrono Boost)  
  17  1:18  Nexus  
  17  1:44  Cybernetics Core  
  17  1:48  Pylon  
  17  1:58  Probe (Chrono Boost)  
  18  2:06  Pylon  
  19  2:10  Probe (Chrono Boost)  
  19  2:12  Assimilator  
  19  2:15  Probe (Chrono Boost)  
  19  2:16  Pylon  
  20  2:24  Probe  
  21  2:36  Probe (Chrono Boost)  
  23  2:42  Probe (Chrono Boost)  
  23  2:45  Shield Battery  
  23  2:46  Probe (Chrono Boost)  
  23  2:51  Probe (Chrono Boost)  
  25  3:01  Nexus  
  25  3:02  Probe  
  26  3:06  Warp Gate  
  26  3:14  Probe  
  27  3:26  Probe  
  28  3:29  Adept (Chrono Boost)  
  28  3:33  Pylon  
  30  3:38  Probe  
  31  3:50  Shield Battery, Probe  
  31  3:52  Pylon  
  31  3:53  Pylon  
  32  4:03  Probe  
  33  4:15  Assimilator  
  33  4:16  Assimilator  
  33  4:30  Forge  
  33  4:33  Forge  
  33  4:34  Probe (Chrono Boost)  
  33  4:35  Pylon x2  
  34  4:38  Pylon  
  34  4:44  Probe (Chrono Boost)  
  35  4:48  Probe (Chrono Boost)  
  35  4:49  Probe (Chrono Boost)  
  37  4:58  Probe  
  38  5:00  Protoss Air Weapons Level 1, Probe  
  39  5:09  Zealot  
  39  5:12  Probe  
  42  5:19  Stargate  
  42  5:22  Stargate  
  42  5:26  Stargate  
  42  5:35  Probe (Chrono Boost)  
  43  5:45  Probe (Chrono Boost)  
  44  5:50  Probe (Chrono Boost)  
  44  5:51  Assimilator  
  45  5:57  Assimilator  
  45  6:02  Probe  
  46  6:10  Stalker  
  48  6:12  Fleet Beacon  
  48  6:14  Probe  
  49  6:27  Assimilator  
  49  6:36  Stalker  
  51  6:43  Photon Cannon  
  51  6:48  Photon Cannon  
  51  6:54  Carrier x2 (Chrono Boost)  
  57  7:11  Stalker  
  57  7:27  Probe  
  58  7:39  Probe  
  58  7:40  Stalker, Carrier (Chrono Boost)  
  65  7:51  Probe  
  66  8:03  Probe  
  55  8:17  Graviton Catapult  
  46  8:21  Probe (Chrono Boost)  
  47  8:32  Probe (Chrono Boost)  
  47  8:33  Probe (Chrono Boost)  
  49  8:37  Carrier  
  57  8:41  Probe (Chrono Boost)  
  57  8:44  Probe (Chrono Boost)  
  57  8:46  Probe x2 (Chrono Boost)  
  59  8:51  Probe (Chrono Boost)  
  59  8:54  Pylon  
  61  9:01  Probe (Chrono Boost)  
  61  9:02  Probe x2 (Chrono Boost)  
  63  9:07  Probe (Chrono Boost)  
  63  9:08  Carrier, Probe x2 (Chrono Boost)  
  72  9:12  Tempest  
  78  9:20  Probe (Chrono Boost)  
  78  9:22  Probe (Chrono Boost)  
  81  9:25  Probe (Chrono Boost)  
  81  9:29  Probe (Chrono Boost)  
  83  9:32  Probe (Chrono Boost)  
  83  9:33  Probe (Chrono Boost)  
  77  10:42  Shield Battery  
  77  10:44  Photon Cannon  
  77  10:46  Photon Cannon x2  
  77  10:51  Pylon, Photon Cannon  
  77  10:55  Shield Battery  
  77  10:58  Shield Battery  
  77  11:03  Shield Battery  
  53  11:40  Gateway  
  53  11:41  Gateway, Photon Cannon  
  53  11:42  Gateway  
  53  11:44  Gateway  
  53  11:48  Shield Battery  
  53  12:07  Pylon x2  
  53  12:09  Pylon  
  53  12:10  Pylon  
  53  12:11  Pylon  
  53  12:15  Pylon  
  47  12:55  Zealot x4  
  55  13:07  Pylon  
  55  13:08  Pylon  
  55  13:09  Pylon x2  
  55  13:11  Pylon x2  
  55  13:12  Pylon  
  55  13:14  Pylon  
  55  13:16  Pylon  
  55  13:19  Photon Cannon x2  
  55  13:21  Photon Cannon x2  
  55  13:24  Zealot x2  
  55  13:26  Zealot x2  
  63  13:45  Zealot x2, Cybernetics Core  
  63  13:47  Zealot x2  
  71  14:10  Zealot  
  71  14:11  Zealot  
  71  14:12  Zealot  
  77  14:22  Stargate  
  77  14:24  Stargate  
  77  14:26  Stargate  
  77  14:29  Stargate  
  77  14:36  Stargate  
  77  14:37  Stargate  
  77  14:39  Zealot x2, Pylon  
  77  14:40  Zealot  
  77  14:41  Zealot  
  105  15:32  Pylon  
  105  15:34  Twilight Council, Pylon  
  105  15:41  Pylon  
Show
View Real Time Build Order
Export as new Build Order

Mikle Terran 

Build Orders:  

Get SALT Encoding   

  12  0:05  SCV  
  13  0:15  Supply Depot  
  13  0:23  Refinery  
  13  0:39  Barracks  
  13  0:45  SCV  
  14  0:50  Refinery  
  14  1:13  SCV  
  15  1:27  SCV  
  16  1:35  Marine, Factory  
  16  1:53  SCV  
  16  2:07  SCV  
  17  2:20  SCV  
  18  2:31  Command Center  
  18  2:37  Factory Tech Lab  
  18  2:42  SCV  
  19  2:52  Marine  
  20  2:58  Supply Depot  
  20  3:09  Siege Tank  
  23  3:23  SCV  
  24  3:35  SCV  
  25  3:47  Siege Tank  
  28  3:54  Marine  
  29  3:56  SCV  
  29  3:57  Bunker  
  29  3:58  SCV  
  31  4:08  SCV  
  32  4:11  SCV  
  32  4:12  Marine  
  34  4:20  Siege Tank  
  34  4:22  Engineering Bay  
  37  4:49  Missile Turret  
  37  4:53  SCV x2  
  37  4:57  Siege Tank  
  42  5:06  Missile Turret  
  42  5:09  Missile Turret  
  42  5:10  Missile Turret  
  42  5:11  SCV  
  43  5:17  Supply Depot  
  43  5:28  Missile Turret  
  43  5:30  Sensor Tower  
  43  5:38  Siege Tank  
  46  5:46  Neosteel Frame  
  46  5:50  Armory  
  46  6:00  Missile Turret  
  46  6:18  SCV  
  46  6:21  SCV  
  48  6:32  Starport  
  48  7:06  Orbital Command x2  
  48  7:12  Siege Tank  
  51  7:29  Refinery  
  51  7:30  Refinery  
  51  7:36  Marine  
  52  7:40  Starport Tech Lab  
  49  7:44  Siege Tank  
  52  7:51  Liberator  
  52  7:54  Marine  
  53  8:56  Supply Depot x3, SCV  
  54  9:04  Hi-Sec Auto Tracking  
  54  9:08  Cloaking Field  
  54  9:17  Banshee  
  54  9:18  SCV, Siege Tank  
  61  9:30  SCV  
  60  9:40  SCV  
  60  9:42  SCV  
  58  9:50  Siege Tank  
  58  9:52  SCV  
  56  9:54  SCV  
  44  11:16  Supply Depot  
  44  11:18  Supply Depot  
  44  11:20  Supply Depot  
  47  11:40  Marine  
  36  11:58  Marine  
  15  12:21  Marine  
Show
View Real Time Build Order
Export as new Build Order

BizMac Zerg - Winner!

Build Orders: Pool First 

Get SALT Encoding   

  12  0:00  Drone  
  13  0:08  Drone  
  14  0:18  Overlord  
  14  0:36  Drone x3  
  17  0:50  Extractor  
  17  0:54  Spawning Pool  
  17  0:55  Drone  
  17  1:11  Drone  
  17  1:12  Drone  
  18  1:41  Drone x2  
  20  1:47  Queen  
  20  1:49  Overlord  
  22  2:21  Hatchery  
  22  2:22  Drone  
  22  2:23  Zergling x4  
  22  2:24  Metabolic Boost  
  22  2:26  Queen  
  22  2:28  Extractor  
  24  2:38  Zergling x2  
  25  2:54  Drone  
  26  3:07  Drone  
  26  3:08  Drone x2  
  29  3:21  Zergling x2  
  29  3:24  Hatchery  
  29  3:38  Queen  
  29  3:39  Drone x2  
  29  3:40  Drone x3  
  36  3:50  Overlord  
  36  3:54  Overlord  
  36  4:08  Lair  
  36  4:10  Drone  
  36  4:13  Drone  
  36  4:14  Drone  
  39  4:23  Drone  
  39  4:24  Overlord  
  40  4:35  Evolution Chamber  
  40  4:37  Queen  
  41  4:39  Evolution Chamber  
  41  4:40  Drone x2  
  42  4:50  Drone  
  42  4:51  Drone x4  
  47  5:03  Drone  
  47  5:06  Drone x5  
  53  5:13  Drone x2  
  55  5:14  Extractor  
  55  5:15  Extractor  
  53  5:23  Roach Warren  
  53  5:25  Hydralisk Den  
  51  5:35  Drone  
  51  5:36  Drone x3  
  55  5:44  Drone  
  55  5:45  Drone x7  
  63  5:52  Spore Crawler  
  62  5:58  Drone x2  
  62  6:00  Zerg Missile Weapons Level 1  
  62  6:01  Zerg Ground Armor Level 1  
  64  6:04  Glial Reconstitution  
  64  6:16  Queen  
  66  6:26  Spine Crawler  
  66  6:28  Grooved Spines  
  66  6:31  Overlord x4  
  65  6:35  Drone  
  66  6:55  Spore Crawler  
  66  7:00  Extractor x2  
  63  7:03  Drone  
  63  7:04  Drone x9  
  73  7:12  Drone  
  74  7:16  Overlord  
  74  7:28  Overlord, Drone x3  
  74  7:29  Overlord x2  
  77  7:30  Roach  
  77  7:31  Roach x6  
  91  7:40  Roach x5  
  101  7:59  Hatchery  
  100  8:09  Roach x4, Hydralisk x4  
  100  8:10  Hydralisk  
  115  8:19  Hydralisk x4  
  117  8:23  Muscular Augments  
  117  8:24  Zerg Missile Weapons Level 2  
  117  8:25  Zerg Ground Armor Level 2  
  123  8:32  Spire  
  121  8:50  Hydralisk  
  121  8:51  Hydralisk x3  
  121  8:53  Overlord x4  
  129  9:04  Spore Crawler  
  129  9:05  Spore Crawler  
  129  9:07  Spore Crawler  
  126  9:18  Drone x2  
  126  9:19  Hydralisk x4  
  126  9:20  Hydralisk x2  
  140  9:32  Hydralisk  
  140  9:33  Hydralisk x6  
  144  10:01  Hydralisk  
  144  10:02  Hydralisk x7  
  144  10:03  Roach x4  
  164  10:31  Hydralisk x2  
  164  10:35  Overlord x4  
  168  10:45  Overlord x4  
  168  10:53  Queen  
  162  11:27  Hydralisk  
  162  11:28  Hydralisk x15  
  192  12:22  Infestation Pit  
  191  13:16  Corruptor x4  
  199  14:09  Zerg Flyer Weapons Level 1  
  195  14:22  Corruptor x5  
  199  14:30  Hive  
  196  15:38  Spore Crawler  
  196  15:39  Spore Crawler  
Show
View Real Time Build Order
Export as new Build Order

ILIEKEGGPIE Protoss - Winner!

Build Orders: Double Forge 

Get SALT Encoding   

  12  0:00  Probe  
  13  0:19  Probe  
  14  0:27  Pylon  
  14  0:31  Probe  
  15  0:45  Probe (Chrono Boost)  
  15  0:48  Gateway  
  16  0:54  Assimilator  
  17  0:57  Probe (Chrono Boost)  
  17  1:16  Assimilator  
  17  1:19  Probe (Chrono Boost)  
  18  1:29  Probe (Chrono Boost)  
  19  1:37  Probe  
  20  1:49  Probe  
  22  2:01  Probe  
  22  2:06  Assimilator  
  22  2:11  Cybernetics Core  
  22  2:12  Gateway  
  22  2:13  Probe  
  23  2:15  Pylon  
  23  2:33  Probe  
  24  2:42  Gateway  
  24  2:43  Gateway  
  24  2:45  Probe  
  25  2:54  Warp Gate (Chrono Boost)  
  25  3:01  Stalker x2  
  29  3:20  Nexus  
  29  3:27  Probe  
  30  3:49  Pylon  
  30  3:50  Pylon  
  30  3:59  Stalker  
  31  4:06  Stalker x2  
  31  4:08  Pylon  
  35  4:25  Robotics Facility  
  35  4:49  Forge  
  35  4:51  Forge  
  36  4:54  Probe (Chrono Boost)  
  36  4:58  Probe (Chrono Boost)  
  39  5:07  Probe (Chrono Boost)  
  39  5:08  Probe (Chrono Boost)  
  39  5:09  Warp Prism (Chrono Boost)  
  41  5:15  Probe  
  41  5:19  Probe  
  43  5:22  Protoss Ground Weapons Level 1 (Chrono Boost)  
  43  5:28  Probe  
  44  5:31  Probe  
  44  5:32  Protoss Ground Armor Level 1 (Chrono Boost)  
  45  5:50  Probe  
  45  5:51  Probe  
  45  5:55  Assimilator  
  47  5:59  Assimilator  
  47  6:02  Probe  
  47  6:03  Probe  
  49  6:14  Immortal  
  49  6:16  Sentry x3  
  49  6:17  Zealot  
  61  6:31  Robotics Bay  
  61  6:37  Probe (Chrono Boost)  
  63  6:41  Pylon  
  63  6:43  Pylon, Probe (Chrono Boost)  
  63  6:46  Probe (Chrono Boost)  
  64  6:51  Zealot x3  
  66  7:14  Extended Thermal Lance (Chrono Boost)  
  64  7:18  Colossus  
  70  7:30  Nexus  
  70  7:32  Pylon  
  70  7:34  Pylon  
  70  7:48  Zealot x3  
  72  8:07  Zealot  
  72  8:09  Stalker x3  
  80  8:18  Probe (Chrono Boost)  
  80  8:19  Colossus  
  82  8:24  Probe (Chrono Boost)  
  78  8:49  Probe (Chrono Boost)  
  78  8:54  Probe x2 (Chrono Boost)  
  84  9:03  Probe (Chrono Boost)  
  84  9:04  Assimilator  
  84  9:06  Probe x2 (Chrono Boost)  
  84  9:07  Assimilator  
  84  9:09  Pylon  
  85  9:10  Gateway  
  85  9:11  Protoss Shields Level 1 (Chrono Boost), Gateway, Probe (Chrono Boost)  
  85  9:13  Gateway, Twilight Council  
  85  9:14  Gateway, Probe x2 (Chrono Boost)  
  85  9:17  Gateway  
  87  9:43  Stalker x2  
  87  9:44  Stalker x2  
  96  9:45  Probe (Chrono Boost)  
  96  9:50  Gateway  
  96  9:51  Probe x2 (Chrono Boost)  
  96  9:52  Gateway  
  98  9:59  Probe x2 (Chrono Boost)  
  94  10:07  Blink (Chrono Boost)  
  94  10:08  Stalker x2  
  94  10:09  Stalker x2  
  100  10:23  Pylon  
  100  10:24  Pylon  
  100  10:37  Stalker  
  100  10:38  Zealot x2  
  100  10:39  Zealot  
  108  10:46  Protoss Ground Armor Level 2 (Chrono Boost)  
  108  10:55  Protoss Ground Weapons Level 2 (Chrono Boost)  
  108  11:19  Stalker x3  
  108  11:20  Stalker x4  
  108  11:21  Stalker x2  
  126  11:28  Zealot x2  
  120  11:53  Stalker x3  
  120  11:54  Stalker x5  
  124  11:55  Stalker  
  126  12:37  Stalker x5  
  126  12:38  Stalker  
  126  12:39  Stalker  
  126  12:44  Pylon  
  140  12:46  Pylon  
  140  14:19  Pylon  
  140  14:21  Pylon  
  140  14:26  Gateway  
  140  14:27  Gateway x2  
  140  14:28  Gateway  
  140  14:32  Gateway  
  138  16:12  Stalker x2  
  138  16:13  Stalker x2  
Tags
 
Add a new tag
Caveats
  • Supply blocks, unpowered buildings, or Contaminate may cause inaccurate times.
  • Supply counts are checked every 10 seconds.